 Dungeon Crawl Stone Soup version 0.30.1-9-gdf580d7c3d (webtiles) character file.

Game seed: 16206507629766105035

1587614 Zalbag the Invulnerable (level 26, 234/266 HPs)
             Began as a Minotaur Gladiator on Oct 19, 2023.
             Was the Champion of Fedhas.
             Escaped with the Orb
             ... and 3 runes on Oct 24, 2023!
             The game lasted 04:22:49 (77888 turns).

Zalbag the Invulnerable (Minotaur Gladiator)       Turns: 77888, Time: 04:22:50

Health: 234/266    AC: 52    Str: 33    XL:     26   Next: 61%
Magic:  36/36      EV: 14    Int:  5    God:    Fedhas [******]
Gold:   2988       SH: 38    Dex: 19    Spells: 30/33 levels left

rFire   + + .        u - +9 broad axe (elec)
rCold   + . .        v - +18 shield of the Gong {Loud rN+ Will+ rCorr EV-5}
rNeg    + + .        J - +12 gold dragon scales
rPois   +            (helmet unavailable)
rElec   .            I - scarf {rC+ rF+}
rCorr   +            X - +4 pair of gloves of the Healing Gods {rPois}
SInv    +            l - +1 pair of boots {Fly}
Will    ++...        R - amulet of reflection Stlth
                     K - ring "Niesonnok" {Fly rN+ Int+3 SInv}
HPRegen 0.64/turn    C - ring of Veifrenk {AC+4 Str+6}
MPRegen 0.25/turn

%: reflection
@: flying, studying Translocations
A: horns 3, retaliatory headbutt, agile 1, dopey 1, high MP 1, cold
vulnerability 1, subdued magic 1
0: Orb of Zot
}: 3/15 runes: barnacled, silver, gossamer
a: Renounce Religion, Wall of Briars, Grow Ballistomycete, Overgrow, Grow Oklob


You escaped.
You worshipped Fedhas.
Fedhas was exalted by your worship.
You visited 10 branches of the dungeon, and saw 50 of its levels.
You visited the Abyss 1 time.
You visited 1 ziggurat, and saw 7 of its levels.
You also visited: Gauntlet, Wizlab and Desolation.

You collected 10744 gold pieces.
You spent 7756 gold pieces at shops.

Inventory:

Hand Weapons
 g - a +3 war axe of flaming
 u - a +9 broad axe of electrocution (weapon)
 V - the +8 war axe "Kitix" {freeze, rPois rC++ rCorr Stlth+}
   (You found it on level 3 of a ziggurat)

   rC:        It greatly protects you from cold.
   rPois:     It protects you from poison.
   rCorr:     It protects you from acid and corrosion.
   Stlth:     It makes you more stealthy.
Missiles
 h - 7 silver javelins (quivered)
 N - 16 poisoned darts
 Z - 18 javelins
Armour
 a - +2 storm dragon scales
 c - a +1 hat
 f - the +8 faerie dragon scales {+Blink rC- rCorr Str+4 SInv}
   (You took it off the Enchantress on level 2 of the Depths)

   Str:       It affects your strength (+4).
   rC:        It makes you vulnerable to cold.
   SInv:      It lets you see invisible.
   +Blink:    It lets you blink.
   rCorr:     It protects you from acid and corrosion.
 l - a +1 pair of boots of flying (worn)
 v - the +18 shield of the Gong (worn) {Loud rN+ Will+ rCorr EV-5}
   (You found it on level 2 of the Vaults)

   Loud:      It is deafeningly noisy when blocking attacks.
   EV:        It affects your evasion (-5).
   rN:        It protects you from negative energy.
   rCorr:     It protects you from acid and corrosion.
   Will:      It increases your willpower.
 I - a scarf of resistance (worn)
 J - +12 gold dragon scales (worn)
 X - the +4 pair of gloves of the Healing Gods (worn) {rPois}
   (You found it on level 14 of the Dungeon)

   rPois:     It protects you from poison.
Jewellery
 k - an amulet of the acrobat
 w - a +5 ring of evasion
 y - a ring of protection from fire
 C - the ring of Veifrenk (right hand) {AC+4 Str+6}
   (You found it on level 4 of the Vaults)

   [ring of protection]

   AC:        It affects your AC (+4).
   Str:       It affects your strength (+6).
 K - the ring "Niesonnok" (left hand) {Fly rN+ Int+3 SInv}
   (You bought it in a shop on level 3 of the Depths)

   [ring of flight]

   Int:       It affects your intelligence (+3).
   rN:        It protects you from negative energy.
   SInv:      It lets you see invisible.
   Fly:       It grants you flight.
 R - an amulet of reflection (around neck)
 S - a ring of willpower
 W - a ring of positive energy
Wands
 e - a wand of iceblast (44)
 j - a wand of acid (36)
 B - a wand of charming (44)
 Q - a wand of digging (17)
 Y - a wand of mindburst (29)
Scrolls
 b - 9 scrolls of vulnerability
 p - 4 scrolls of butterflies
 q - 5 scrolls of teleportation
 t - 2 scrolls of fear
 z - 3 scrolls of magic mapping
 A - 4 scrolls of blinking
 G - 5 scrolls of fog
 M - 2 scrolls of brand weapon
 O - a scroll of silence
Potions
 i - 25 potions of curing
 m - 9 potions of flight
 n - 11 potions of mutation
 o - 4 potions of heal wounds
 r - 11 potions of resistance
 s - 8 potions of cancellation
 x - 3 potions of berserk rage
 D - 6 potions of might
 E - 10 potions of ambrosia
 L - 3 potions of invisibility
 T - 8 potions of magic
 U - 4 potions of brilliance
Miscellaneous
 H - a lightning rod (4/4)


   Skills:
 O Level 27 Fighting
 + Level 23.3 Axes
 - Level 1.7 Ranged Weapons
 - Level 11.0 Throwing
 O Level 27 Armour
 - Level 20.0 Dodging
 - Level 16.5 Shields
 - Level 4.4 Spellcasting
 + Level 11.7 Translocations
 - Level 15.0 Invocations
 + Level 9.2 Evocations


You had 30 spell levels left.
You knew the following spells:

 Your Spells              Type           Power      Damage    Failure   Level
a - Apportation           Tloc           18%        N/A       1%          1
b - Blink                 Tloc           18%        N/A       1%          2

Your spell library contained the following spells:

 Spells                   Type           Power      Damage    Failure   Level
 Gell's Gravitas          Tloc           9%         N/A       3%          3
 Teleport Other           Tloc           9%         N/A       3%          3
 Manifold Assault         Tloc           9%         N/A       13%         4
 Passage of Golubria      Tloc           9%         N/A       13%         4
 Portal Projectile        Hex/Tloc       10%        N/A       45%         3
 Vhi's Electric Charge    Tloc/Air       10%        N/A       45%         3
 Volatile Blastmotes      Fire/Tloc      10%        2d10      45%         3
 Iskenderun's Mystic Bla  Conj/Tloc      5%         2d3       86%         4
 Freeze                   Ice            0%         1d3       88%         1
 Kiss of Death            Conj/Necr      0%         2d5       88%         1
 Magic Dart               Conj           0%         1d3       88%         1
 Sandblast                Erth           0%         2d4       88%         1
 Sting                    Tmut/Pois      0%         1d3       88%         1
 Summon Small Mammal      Summ           0%         N/A       88%         1
 Dispersal                Tloc           4%         N/A       92%         6
 Cigotuvi's Dreadful Rot  Necr/Pois/Air  0%         N/A       96%         2
 Ensorcelled Hibernation  Hex/Ice        0%         N/A       96%         2
 Passwall                 Tmut/Erth      0%         N/A       96%         2
 Poisonous Vapours        Pois/Air       0%         N/A       96%         2
 Scorch                   Fire           0%         2d5       96%         2
 Searing Ray              Conj           0%         2d4       96%         2
 Sublimation of Blood     Necr           0%         N/A       96%         2
 Call Canine Familiar     Summ           0%         N/A       99%         3
 Confusing Touch          Hex            0%         N/A       99%         3
 Frozen Ramparts          Ice            0%         1d1       99%         3
 Hailstorm                Conj/Ice       0%         3d3       99%         3
 Ignite Poison            Fire/Tmut/Pois 0%         N/A       99%         3
 Inner Flame              Hex/Fire       0%         N/A       99%         3
 Mephitic Cloud           Conj/Pois/Air  0%         N/A       99%         3
 Ozocubu's Armour         Ice            0%         N/A       99%         3
 Spider Form              Tmut/Pois      0%         N/A       99%         3
 Stone Arrow              Conj/Erth      0%         3d7       99%         3
 Summon Guardian Golem    Hex/Summ       0%         N/A       99%         3
 Swiftness                Air            0%         N/A       99%         3
 Summon Forest            Summ/Tloc      2%         N/A       99%         5
 Anguish                  Hex/Necr       0%         N/A       100%        4
 Animate Dead             Necr           0%         N/A       100%        4
 Cause Fear               Hex            0%         N/A       100%        4
 Dispel Undead            Necr           0%         3d6       100%        4
 Flame Wave               Conj/Fire      0%         2d4       100%        4
 Fulminant Prism          Conj/Hex       0%         3d5       100%        4
 Leda's Liquefaction      Hex/Erth       0%         N/A       100%        4
 Olgreb's Toxic Radiance  Pois           0%         N/A       100%        4
 Petrify                  Tmut/Erth      0%         N/A       100%        4
 Summon Ice Beast         Ice/Summ       0%         N/A       100%        4
 Borgnjor's Vile Clutch   Necr/Erth      0%         N/A       100%        5
 Freezing Cloud           Conj/Ice/Air   0%         6-21      100%        5
 Irradiate                Conj/Tmut      0%         3d11      100%        5
 Lee's Rapid Deconstruct  Erth           0%         3d4*      100%        5
 Metabolic Englaciation   Hex/Ice        0%         N/A       100%        5
 Silence                  Hex/Air        0%         N/A       100%        5
 Summon Mana Viper        Hex/Summ       0%         N/A       100%        5
 Yara's Violent Unravell  Hex/Tmut       0%         3d3       100%        5
 Death Channel            Necr           0%         N/A       100%        6
 Simulacrum               Ice/Necr       0%         N/A       100%        6
 Statue Form              Tmut/Erth      0%         N/A       100%        6
 Summon Cactus Giant      Summ           0%         N/A       100%        6
 Dragon Form              Tmut           0%         N/A       100%        7
 Enfeeble                 Hex            0%         N/A       100%        7
 Haunt                    Necr/Summ      0%         N/A       100%        7
 Malign Gateway           Summ/Tloc      2%         N/A       100%        7
 Monstrous Menagerie      Summ           0%         N/A       100%        7
 Orb of Destruction       Conj           0%         9d5       100%        7
 Ozocubu's Refrigeration  Ice            0%         4d7       100%        7
 Spellforged Servitor     Conj/Summ      0%         N/A       100%        7
 Storm Form               Tmut/Air       0%         N/A       100%        7
 Borgnjor's Revivificati  Necr           0%         N/A       100%        8
 Discord                  Hex            0%         N/A       100%        8
 Ignition                 Fire           0%         3d3       100%        8
 Lehudib's Crystal Spear  Conj/Erth      0%         10d2      100%        8
 Necromutation            Tmut/Necr      0%         N/A       100%        8
 Summon Horrible Things   Summ           0%         N/A       100%        8
 Chain Lightning          Conj/Air       0%         N/A       100%        9
 Dragon's Call            Summ           0%         N/A       100%        9
 Fire Storm               Conj/Fire      0%         5d1       100%        9
 Polar Vortex             Ice            0%         N/A       100%        9
 Shatter                  Erth           0%         3d5*      100%        9


Dungeon Overview and Level Annotations

Branches:
Dungeon (15/15)            Temple (0/1) D:5            Lair (5/5) D:9
 Shoals (4/4) Lair:3       Spider (4/4) Lair:3        Slime (0/5) Lair:4
    Orc (2/2) D:10            Elf (3/3) Orc:2        Vaults (5/5) D:13
  Crypt (3/3) Vaults:3       Tomb (0/3) Crypt:3      Depths (4/4) D:15
    Zot (5/5) Depths:4     WizLab (visited)         Desolation (visited)
Gauntlet (visited)

Altars:
Cheibriados
Dithmenos
Elyvilon
Fedhas
Makhleb
Qazlal
Ru
Uskayaw
Vehumet
Xom
Yredelemnul
Zin

Shops:
D:5 ?   D:12 *   Orc:1 !:=   Orc:2 ([*:   Vaults:5 !!!??   Depths:3 =:=
Depths:4 [

Portals:
Hell: Depths:1 Depths:2 Depths:3 Depths:4
Abyss: Depths:3 Depths:4
Pandemonium: Depths:1 Depths:2

Annotations:
D:8 3 runed translucent doors, mkat's ghost, novice DsEE
D:10 3 runed translucent doors, Wiggles's ghost, journeyman MiBe
D:11 1 runed translucent door
Shoals:2 1 runed translucent door, Wiggles's ghost, adept MiBe
Orc:1 2 transporters
Elf:1 6 runed translucent doors
Crypt:2 2 transporters, exclusion: orange crystal statue
Zot:4 2 transporters, Beclu's ghost, legendary GnSk


Innate Abilities, Weirdness & Mutations

You have a pair of large horns on your head.
You reflexively headbutt those who attack you in melee.
You are agile. (Dex +4, Str/Int -1)
You are dopey. (Int -2)
You have an increased reservoir of magic. (+10% MP)
You are vulnerable to cold. (rC-)
Your spells are a little easier to cast, but a little less powerful.


Message History

There is an escape hatch in the ceiling here.
You start resting.
An Orb Guardian comes into view.
A mysterious force pulls you upwards. The hatch slams shut behind you.
Press: ? - help, v - describe, . - travel, g - get item Item here: the +2 pair of slick slippers {slick, slippery, EV+4}.
The floor.
This square is covered in magical glow.
There is a stone staircase leading up here.
You start resting.
A chaos spawn comes into view.
You fly upwards.
There is a stone staircase leading down here. 5 golden eyes come into view.
You slice the golden eye!!
You kill the golden eye!
Fedhas accepts your kill.
You chop the golden eye into pieces!!!
You kill the golden eye!
Fedhas accepts your kill.
You slice the golden eye!!
You kill the golden eye!
Fedhas accepts your kill.
You miss the golden eye. Your headbutt misses the golden eye.
You slice the golden eye!!
You kill the golden eye!
Fedhas accepts your kill. The golden eye blinks at you.
You resist with almost no effort.
You carve the golden eye like a ham!!!
You kill the golden eye!
Fedhas accepts your kill.
You see here a +0 club.
There is a stone staircase leading up here.
You fly upwards.
There is a stone staircase leading down here.
You reach down and open the door.
There is an open door here.
There is a staircase leading out of the dungeon here.
You have escaped!

.# #...)......## #.# .#
#......##...# #.# .#
#......##...##########.#
##
#......####>...........#
########..# #######.######
#.# #.#.# ###..## #.##
##...# ###.....#### ...#
#..#.# #..........#
.#.###.##.#####.@#.......#
.#..#..##....##.##.....≈≈#
###...###.##..........§≈≈#
# #...# #.###.#...≈§§≈≈≈≈#
# ##.## #.# #....≈§≈≈≈≈≈≈#
### #.# #...≈§§§≈§≈≈≈# #.#
#..≈§§≈≈§§≈≈≈# #.#
#..≈≈≈≈≈≈§§≈≈#
#.###.≈≈≈≈≈≈≈§≈§≈#


There were no monsters in sight!

Vanquished Creatures
  2 dread liches
  9 ancient liches
  3 orbs of fire (Zot:5)
  A juggernaut (Depths:3)
  7 Killer Klowns (Zot:5)
  Vv (Depths:1)
  Margery (Vaults:2)
  Saint Roka (Depths:2)
  A curse toe (Zot:2)
  Nikola (Depths:2)
  Jory (Vaults:5)
  8 golden dragons
  A bone dragon (Depths:4)
  the Enchantress (Depths:2)
  A profane servitor (Zig:5)
  2 electric golems (Zot:5)
  12 tentacled monstrosities
  A Tzitzimitl (D:5)
  27 Orb Guardians
  A deep elf blademaster (Elf:3)
  2 liches
  2 deep elf master archers (Elf:3)
  A shard shrike skeleton (Crypt:1)
  9 titans
  Asterion (Spider:3)
  5 quicksilver dragons
  6 death cobs
  5 storm dragons
  An acid blob (Zig:6)
  A tentacled starspawn (Zig:5)
  6 ancient champions
  Polyphemus (Shoals:3)
  7 sphinxes
  9 shadow dragons
  2 tengu reavers
  3 rockslimes
  Ilsuiw (Shoals:2)
  2 revenants
  2 draconian monks (Zot:2)
  A nagaraja (Zig:7)
  5 draconian knights
  9 frost giants
  11 vault wardens
  4 draconian scorchers
  13 fire giants
  5 deep elf sorcerers
  6 imperial myrmidons (Desolation)
  7 draconian shifters
  Aizul (Spider:3)
  The ghost of eliilek the Tortoise, a journeyman MiBe of Trog (Orc:1)
  5 ghouls (Crypt:1)
  4 deep elf elementalists (Elf:3)
  7 ghost moths
  3 draconian stormcallers
  An emperor scorpion (Spider:4)
  2 juggernaut zombies
  3 draconian annihilators
  3 orc warlords
  A war gargoyle (Vaults:5)
  2 spriggan defenders (Depths:2)
  22 ironbound preservers
  19 stone giants
  17 very ugly things
  14 deep elf demonologists
  11 ironbound thunderhulks
  A reaper (Depths:2)
  The ghost of Nedac819 the Severer, a journeyman HOFi of Beogh (D:14)
  A demonspawn black sun (D:15)
  4 deep elf annihilators
  7 white draconians
  8 green draconians
  A minotaur (Gauntlet)
  6 purple draconians
  6 vampire knights
  A lorocyproca (D:15)
  A minotaur (shapeshifter) (Vaults:3)
  9 spark wasps
  10 dire elephants
  7 red draconians
  A bunyip (Zig:3)
  7 black draconians
  A spark wasp (shapeshifter) (Vaults:3)
  10 yellow draconians
  5 eidola
  A crystal guardian (Desolation)
  Snorg (D:14)
  9 jiangshi
  9 deep elf death magi
  5 merfolk javelineers (Shoals:4)
  6 fire dragons
  Josephine (D:14)
  A green death (Depths:4)
  8 entropy weavers
  21 ettins
  15 slime creatures
  12 yaktaur captains
  5 ragged hierophants (Desolation)
  4 servants of whispers (Desolation)
  6 great orbs of eyes
  9 merfolk impalers
  6 deep elf high priests
  9 peacekeepers
  Fannar (Lair:1)
  5 rakshasas
  34 vault guards
  A salamander tyrant (Zig:7)
  7 hydras
  A caustic shrike simulacrum (Depths:1)
  3 spriggan air magi
  9 ironbound frosthearts
  6 boulder beetles
  4 catoblepae
  4 merfolk avatars
  A radroach (Lair:3)
  3 ogre magi
  A death knight (Crypt:1)
  6 merfolk aquamancers
  5 ice dragons
  21 dancing weapons
  12 centaur warriors
  14 death yaks
  A deep troll shaman (Depths:1)
  A death scarab (Crypt:3)
  10 two-headed ogres
  10 tengu warriors
  9 vampire magi
  3 satyrs
  2 deep troll earth magi (Depths:4)
  A naga sharpshooter (Zig:7)
  2 alligator snapping turtles (Shoals:3)
  4 spriggan berserkers
  2 shock serpents (Zig:7)
  3 thrashing horrors
  6 orc high priests
  12 deep elf knights
  20 skeletal warriors
  8 skysharks
  8 hell knights
  3 iron trolls (Depths:3)
  3 shadow wraiths
  A goliath frog (Zig:3)
  A spriggan druid (Depths:1)
  2 sun moths
  2 anaconda zombies
  13 sea snakes
  59 deep trolls
  10 orb spiders
  6 flayed ghosts
  9 deep elf archers
  3 pharaoh ants
  9 lindwurms
  7 wizards
  A naga ritualist (Zig:7)
  A glowing orange brain (Depths:3)
  9 phantasmal warriors
  A spriggan simulacrum (Depths:1)
  31 harpies
  19 ironbound convokers
  8 orc knights
  5 necromancers
  19 deep elf pyromancers
  17 deep elf zephyrmancers
  2 cyclopes
  4 orc sorcerers
  16 wolf spiders
  5 steelbarb worms
  8 fauns
  A shining eye (Zig:6)
  14 manticores
  44 ugly things
  6 black mambas
  20 moths of wrath
  18 elephants
  2 guardian serpents
  5 centaur zombies
  4 water nymphs (Shoals:4)
  6 merfolk sirens
  An eye of devastation (Vaults:3)
  2 orange demons (Depths:2)
  A naga mage (Zig:7)
  A molten gargoyle (Desolation)
  A torpor snail (Lair:3)
  A gargoyle (D:12)
  28 vault sentinels
  A smoke demon (Depths:2)
  3 centaur skeletons (D:13)
  8 cane toads
  7 demonic crawlers
  A hellion (D:15)
  4 freezing wraiths
  A sea snake zombie (Crypt:2)
  An unseen horror zombie (D:10)
  6 rime drakes
  A yaktaur (shapeshifter) (Vaults:3)
  10 komodo dragons
  4 unseen horrors
  22 yaktaurs
  2 minotaur skeletons (Crypt:2)
  4 tengu conjurers
  3 ancient zymes
  An ice devil (Depths:2)
  A grey draconian skeleton (Crypt:2)
  3 meliai (D:13)
  2 polar bears
  5 hornets
  10 trolls
  31 merfolk
  Grinder (D:3)
  39 saltlings (Desolation)
  2 raiju (shapeshifter)
  30 tarantellas
  A tarantella (shapeshifter) (Vaults:5)
  A jumping spider zombie (Crypt:2)
  15 blink frogs
  5 wind drakes
  7 snapping turtles
  19 dream sheep
  Sigmund (D:6)
  A radroach zombie (Crypt:1)
  31 jumping spiders
  A black mamba zombie (Crypt:2)
  A centaur simulacrum (Crypt:2)
  2 ynoxinuls
  An ettin skeleton (Depths:1)
  3 flying skulls (Crypt:2)
  3 spriggans (Depths:2)
  5 large abominations
  2 shadows (D:11)
  2 air elementals (Elf:2)
  A wind drake zombie (Crypt:3)
  3 wyverns
  4 vampires
  17 culicivoras
  A black mamba skeleton (Crypt:2)
  12 wraiths
  51 yaks
  5 golden eyes (D:2)
  17 water elementals
  2 fire elementals (Elf:1)
  A human (D:11)
  5 basilisks
  50 redbacks
  A chaos spawn (Depths:4)
  3 steam dragons
  6 two-headed ogre zombies (WizLab)
  6 vampire mosquitoes
  A neqoxec (Zot:4)
  A glowing shapeshifter zombie (Crypt:1)
  5 wargs
  3 acid dragons
  An entropy weaver zombie (Crypt:1)
  2 water moccasins
  A faun skeleton (Crypt:3)
  A human skeleton (Depths:1)
  The ghost of middlethird the Ruffian, an amateur VSTm (D:6)
  9 small abominations
  2 floating eyes
  A swamp drake (Zig:3)
  A floating eye (shapeshifter) (Depths:2)
  3 sky beasts
  An ice beast (D:6)
  2 black bears
  33 orc warriors
  10 ogres
  8 wolves
  13 centaurs
  15 starcursed masses
  Blork the orc (D:6)
  A kobold brigand (D:8)
  A komodo dragon zombie (Crypt:2)
  A bullfrog (Lair:1)
  3 earth elementals
  3 necrophages
  4 scorpions
  A gnoll sergeant (D:7)
  14 wights
  A spriggan zombie (Crypt:1)
  6 troll zombies (WizLab)
  A water moccasin skeleton (Crypt:1)
  7 killer bees
  2 spectral ogres (Orc:1)
  2 spriggan skeletons (Crypt:2)
  2 electric eels
  8 howler monkeys
  3 jellies (Lair:4)
  A crimson imp (D:11)
  A quasit (Abyss:3)
  A wolf skeleton (Crypt:1)
  27 orc priests
  7 hounds
  A human zombie (D:10)
  4 gnoll boudas
  A warg simulacrum (Orc:1)
  2 spectral orcs (Orc:1)
  39 orc wizards
  11 hell rats
  2 boggart skeletons
  2 ogre zombies (WizLab)
  4 mummies
  A howler monkey zombie (D:10)
  7 adders
  29 gnolls
  A shadow imp (D:7)
  A white imp (Abyss:3)
  An ufetubus (D:6)
  A lava snake skeleton (Crypt:2)
  A worm (D:2)
  A dart slug (D:4)
  88 orcs
  2 orc simulacra (Orc:1)
  6 ball pythons
  10 bats
  6 endoplasms
  3 giant cockroaches (D:2)
  10 hobgoblins
  3 jackals (D:1)
  3 quokkas (D:2)
  13 goblins
  A hobgoblin zombie (Crypt:3)
  A jackal skeleton (Crypt:1)
  10 kobolds
  4 rats
  A spectral weapon (Spider:3)
  A starspawn tentacle (Zig:5)
2181 creatures vanquished.

Vanquished Creatures (collateral kills)
  Bai Suzhen (Crypt:2)
  A Killer Klown (Zot:5)
  2 golden dragons (Vaults:5)
  A tentacled monstrosity (Vaults:5)
  An ancient champion (WizLab)
  A sphinx (Vaults:5)
  A shadow dragon (Zot:3)
  The ghost of kamileon1 the Basher, a journeyman DgFE (Orc:2)
  An emperor scorpion (Spider:4)
  An orc warlord (Orc:1)
  A draconian shifter (Zot:2)
  Louise (Elf:1)
  A reaper (Crypt:3)
  A spriggan defender (Depths:2)
  A green draconian (Zot:5)
  A deep elf demonologist (Elf:3)
  3 deep elf annihilators
  A purple draconian (Zot:3)
  A deep elf death mage (Elf:3)
  A merfolk javelineer (Shoals:2)
  2 yaktaur captains (Vaults:5)
  A spriggan air mage (Depths:2)
  A vault guard (Vaults:5)
  A catoblepas (Shoals:3)
  A peacekeeper (Desolation)
  An alligator snapping turtle (Shoals:4)
  2 dancing weapons (Elf:2)
  3 two-headed ogres (D:14)
  A death yak (Lair:3)
  A hell knight (Vaults:2)
  6 skeletal warriors
  A skyshark (Shoals:3)
  2 deep trolls (Vaults:3)
  A phantasmal warrior (Crypt:2)
  A cyclops (Shoals:1)
  A harpy (Shoals:3)
  A deep elf pyromancer (Elf:1)
  A manticore (Shoals:3)
  3 fauns
  A guardian serpent (Desolation)
  2 merfolk sirens (Shoals:2)
  A vault sentinel (Vaults:3)
  A freezing wraith (Crypt:3)
  2 merfolk
  A wind drake (Shoals:2)
  A tarantella (Spider:4)
  A saltling (Desolation)
  3 hornets (Spider:4)
  An ice dragon zombie (Crypt:3)
  A snapping turtle (Shoals:2)
  3 vampires (WizLab)
  A water elemental (Elf:1)
  A water moccasin (Lair:3)
  An orc warrior (Elf:1)
  3 wolves (Lair:3)
  3 wights (WizLab)
  2 troll zombies (WizLab)
  2 ogre zombies (WizLab)
  A hound skeleton (Crypt:3)
  2 orcs (Orc:1)
  A bat zombie (Crypt:3)
  An orc skeleton (Crypt:2)
  2 ballistomycete spores (Elf:1)
92 creatures vanquished.

Vanquished Creatures (others)
  An emperor scorpion (Spider:4)
  An angel (D:10)
  A vault guard (Vaults:5)
  3 deep elf knights
  A wizard (Vaults:4)
  An orc knight (Elf:1)
  2 deep elf pyromancers
  A necromancer (Depths:2)
  A manticore (Shoals:1)
  A killer bee (D:8)
  2 orc wizards
  A white imp (D:8)
  2 orcs
  A kobold (D:11)
  A butterfly (D:9)
  3 starspawn tentacles (Zig:5)
23 creatures vanquished.

Grand Total: 2296 creatures vanquished

Notes
Turn   | Place    | Note
-------+----------+-------------------------------------------
     0 | D:1      | Zalbag the Minotaur Gladiator began the quest for the Orb.
     0 | D:1      | Reached XP level 1. HP: 18/18 MP: 0/0
   301 | D:1      | Reached XP level 2. HP: 21/25 MP: 1/1
   565 | D:1      | Found a radiant altar of Vehumet.
   700 | D:2      | Reached skill level 5 in Axes
   700 | D:2      | Reached XP level 3. HP: 19/30 MP: 2/2
   979 | D:2      | Reached XP level 4. HP: 37/37 MP: 3/3
  1507 | D:3      | Noticed Grinder
  1525 | D:3      | Killed Grinder
  1526 | D:3      | Reached XP level 5. HP: 31/42 MP: 4/4
  1526 | D:3      | Reached XP level 6. HP: 37/50 MP: 5/5
  1749 | D:3      | Found the +2 pair of slick slippers {slick, slippery, EV+4}
  2519 | D:4      | Reached skill level 1 in Armour
  2610 | D:4      | Found a blossoming altar of Fedhas.
  2662 | D:4      | Found a burning altar of Makhleb.
  2676 | D:4      | Became a worshipper of Fedhas Madash
  2999 | D:5      | Entered Level 5 of the Dungeon
  3190 | D:5      | Found Davvazete's Magic Scroll Boutique.
  3193 | D:5      | Bought a scroll of identify for 22 gold pieces
  3193 | D:5      | Bought a scroll of blinking for 82 gold pieces
  3193 | D:5      | Bought a scroll of fear for 44 gold pieces
  3193 | D:5      | Bought a scroll of teleportation for 33 gold pieces
  3353 | D:5      | Reached XP level 7. HP: 53/57 MP: 6/6
  3730 | D:6      | Noticed a steam dragon
  3737 | D:6      | Killed a steam dragon
  3738 | D:6      | Reached skill level 10 in Axes
  3959 | D:6      | Noticed Sigmund
  3980 | D:6      | Reached * piety under Fedhas
  3982 | D:6      | Reached XP level 8. HP: 66/67 MP: 7/7
  3994 | D:6      | Killed Sigmund
  3995 | D:6      | Reached skill level 5 in Fighting
  4147 | D:6      | Noticed middlethird's ghost (amateur VSTm)
  4156 | D:6      | Found a runed translucent door.
  4169 | D:6      | Killed middlethird's ghost
  4186 | D:6      | Reached skill level 5 in Armour
  4187 | D:6      | Noticed Blork the orc
  4225 | D:6      | Killed Blork the orc
  4226 | D:6      | Reached XP level 9. HP: 34/77 MP: 8/8
  4880 | D:7      | Reached ** piety under Fedhas
  5849 | D:8      | Noticed a two-headed ogre
  5927 | D:8      | Reached *** piety under Fedhas
  5931 | D:8      | Noticed a gargoyle
  5932 | D:8      | Found a runed translucent gate.
  5936 | D:8      | Found a runed translucent gate.
  5936 | D:8      | Noticed mkat's ghost (novice DsEE)
  5939 | D:8      | Reached skill level 1 in Ranged Weapons
  5939 | D:8      | Reached skill level 1 in Invocations
  5940 | D:8      | Found a runed translucent gate.
  5941 | D:8      | Noticed a two-headed ogre
  6259 | D:8      | Killed a two-headed ogre
  6260 | D:8      | Reached XP level 10. HP: 57/86 MP: 8/10
  6475 | D:8      | Found a hide-covered altar of Uskayaw.
  6785 | D:8      | Found a sacrificial altar of Ru.
  6897 | D:9      | Found a white marble altar of Elyvilon.
  7188 | D:9      | Noticed a two-headed ogre
  7196 | D:9      | Killed a two-headed ogre
  7629 | D:9      | Found a snail-covered altar of Cheibriados.
  7696 | D:9      | Reached **** piety under Fedhas
  7697 | D:9      | Reached skill level 5 in Dodging
  7973 | D:9      | Found a staircase to the Lair.
  8504 | D:10     | Entered Level 10 of the Dungeon
  8530 | D:10     | Noticed Erica
  8531 | D:10     | Erica changed into Erica the komodo dragon
  8531 | D:10     | Noticed Erica
  8546 | D:10     | Killed Erica the komodo dragon
  8567 | D:10     | Found a stormy altar of Qazlal.
  8684 | D:10     | Found a staircase to the Orcish Mines.
  8707 | Orc:1    | Entered Level 1 of the Orcish Mines
  8708 | Orc:1    | Noticed an orc knight
  8781 | D:10     | Found a runed translucent gate.
  8781 | D:10     | Found a runed translucent gate.
  8781 | D:10     | Found a runed translucent gate.
  8956 | D:10     | Reached skill level 5 in Invocations
  8956 | D:10     | Reached XP level 11. HP: 77/92 MP: 6/13
  9141 | D:10     | Found a basalt altar of Yredelemnul.
  9246 | D:10     | Killed an angel
  9388 | D:10     | Found a glowing silver altar of Zin.
  9388 | D:10     | Found a shimmering altar of Xom.
  9595 | D:10     | Noticed Wiggles's ghost (journeyman MiBe)
  9767 | D:11     | Found a runed translucent door.
  9770 | D:11     | Noticed a balrug
 10043 | D:11     | Reached skill level 15 in Axes
 10129 | D:11     | Reached skill level 10 in Armour
 10155 | D:11     | Noticed a two-headed ogre
 10166 | D:11     | Killed a two-headed ogre
 10258 | D:11     | Noticed a two-headed ogre
 10272 | D:11     | Killed a two-headed ogre
 10294 | D:11     | Noticed a boulder beetle
 10316 | D:11     | Killed a boulder beetle
 11019 | D:11     | Reached ***** piety under Fedhas
 11449 | D:12     | Reached XP level 12. HP: 74/101 MP: 10/14
 11484 | D:12     | Found Kotzea Jave's Assorted Antiques.
 11516 | D:12     | Bought a scroll of fear for 112 gold pieces
 11516 | D:12     | Bought a metallic pink potion for 25 gold pieces
 11524 | D:12     | Found a gate leading to a gauntlet.
 11533 | Gauntlet | Entered a Gauntlet
 11533 | Gauntlet | Found a transporter.
 11542 | Gauntlet | Found a transporter.
 11552 | Gauntlet | Found a transporter.
 11554 | Gauntlet | Found a transporter.
 11562 | Gauntlet | Found a transporter.
 11601 | Gauntlet | Found a transporter.
 11601 | Gauntlet | Found a transporter.
 11869 | Gauntlet | Found a runed translucent door.
 11869 | Gauntlet | Found a runed translucent door.
 11896 | Gauntlet | Noticed a minotaur
 11901 | Gauntlet | Killed a minotaur
 12011 | Gauntlet | Found a transporter.
 12081 | D:12     | Reached skill level 5 in Throwing
 12572 | D:13     | Noticed a centaur warrior
 13246 | Orc:1    | Found a runed translucent gate.
 13246 | Orc:1    | Found a runed translucent gate.
 13246 | Orc:1    | Found a runed translucent gate.
 13247 | Orc:1    | Noticed eliilek's ghost (journeyman MiBe)
 13641 | Orc:1    | Found Kutu's Book Shoppe.
 13665 | Orc:1    | Found Lodiapih's Distillery.
 13735 | Orc:1    | Bought a potion of haste for 110 gold pieces
 13735 | Orc:1    | Bought a potion of heal wounds for 55 gold pieces
 13735 | Orc:1    | Bought 2 potions of resistance for 220 gold pieces
 13735 | Orc:1    | Bought a potion of lignification for 33 gold pieces
 13735 | Orc:1    | Bought a potion of heal wounds for 55 gold pieces
 13735 | Orc:1    | Bought a potion of cancellation for 88 gold pieces
 13854 | Orc:1    | Found a transporter.
 13855 | Orc:1    | Found a transporter.
 13863 | Orc:1    | Noticed a two-headed ogre
 13866 | Orc:1    | Noticed a two-headed ogre
 13928 | Orc:1    | Noticed an orc high priest
 13938 | Orc:1    | Killed an orc high priest
 14181 | Orc:1    | Noticed an orc warlord
 14218 | Orc:2    | Entered Level 2 of the Orcish Mines
 14572 | Orc:2    | Found a transporter.
 14586 | Orc:2    | Noticed kamileon1's ghost (journeyman DgFE)
 14592 | Orc:2    | Found a transporter.
 14611 | Orc:2    | Noticed an orc high priest
 14869 | Orc:1    | Found Zahaklu's Jewellery Boutique.
 14899 | Orc:1    | Reached ****** piety under Fedhas
 14934 | Orc:1    | Noticed an orc warlord
 14960 | Orc:1    | Killed an orc warlord
 14961 | Orc:1    | Reached XP level 13. HP: 42/111 MP: 0/15
 15641 | Orc:2    | Found a staircase to the Elven Halls.
 16139 | Orc:2    | Reached skill level 10 in Dodging
 16399 | Orc:2    | Found Miemesh's Antique Armour Emporium.
 16399 | Orc:2    | Found Wapoid's Antique Weapon Emporium.
 16400 | Orc:2    | Found Dufanoto's Assorted Antiques.
 16403 | Orc:2    | Found Epeuqeva's Book Shoppe.
 16433 | Orc:2    | Bought a scroll labelled MED TIFFIFE for 19 gold pieces
 16544 | Lair:1   | Entered Level 1 of the Lair of Beasts
 16567 | Lair:1   | Noticed Fannar
 16591 | Lair:1   | Killed Fannar
 17823 | Lair:2   | Identified the +1 ring mail of Qeutet {rElec Dex+3}
 18649 | Lair:3   | Found a staircase to the Shoals.
 19222 | Lair:3   | Reached XP level 14. HP: 118/118 MP: 0/18
 19495 | Lair:3   | Found a hole to the Spider Nest.
 19973 | Lair:4   | Reached skill level 10 in Fighting
 20889 | Lair:4   | Found a staircase to the Slime Pits.
 21539 | Lair:5   | Entered Level 5 of the Lair of Beasts
 23017 | Lair:5   | Reached XP level 15. HP: 129/130 MP: 17/20
 23995 | Orc:2    | HP: 1/132 [kamileon1's ghost/stone arrow (34)]
 24284 | Orc:2    | Killed kamileon1's ghost
 24390 | Orc:2    | Bought a glowing plate armour for 676 gold pieces
 24416 | Orc:2    | Bought a scroll of magic mapping for 142 gold pieces
 24416 | Orc:2    | Bought 2 metallic pink potions for 34 gold pieces
 24606 | Spider:1 | Entered Level 1 of the Spider Nest
 25432 | Spider:1 | You fall into a shaft and drop 1 floor!
 26709 | Spider:2 | Reached XP level 16. HP: 145/145 MP: 17/21
 27498 | Spider:2 | Reached skill level 15 in Armour
 27670 | Spider:3 | Noticed Aizul
 28330 | Spider:3 | Killed Aizul
 28372 | Spider:3 | Noticed Asterion
 28646 | Shoals:1 | Entered Level 1 of the Shoals
 29915 | Shoals:2 | Reached XP level 17. HP: 85/154 MP: 5/22
 30012 | Shoals:2 | Identified the +5 short sword of the Scroll {freeze, Dex+3}
 30172 | Shoals:2 | Noticed Ilsuiw
 30215 | Shoals:2 | Killed Ilsuiw
 30763 | Shoals:3 | Noticed Polyphemus
 30791 | Shoals:3 | Killed Polyphemus
 30999 | Shoals:2 | Found a runed translucent door.
 31007 | Shoals:2 | Noticed Wiggles's ghost (adept MiBe)
 31315 | Shoals:3 | Reached skill level 15 in Fighting
 32614 | Shoals:4 | Entered Level 4 of the Shoals
 32938 | Shoals:3 | Noticed a kraken
 32941 | Shoals:3 | a kraken changed into a storm dragon
 33539 | Shoals:4 | Got the Secrets of Angles
 34422 | Shoals:4 | Got a barnacled rune of Zot
 35042 | Shoals:4 | Identified the +2 long sword of Fuzzy Honour {heavy, Str+3}
 35072 | Shoals:4 | Reached XP level 18. HP: 129/166 MP: 13/24
 35376 | Shoals:4 | Reached skill level 10 in Invocations
 35936 | Spider:3 | Killed Asterion
 36632 | Spider:3 | Reached skill level 1 in Evocations
 36862 | Spider:4 | Entered Level 4 of the Spider Nest
 38997 | Spider:4 | Reached skill level 1 in Shields
 39096 | Spider:4 | Identified the +1 pair of gloves of the Known World {Contam
                  | rCorr Int+9}
 39163 | Spider:4 | Got a gossamer rune of Zot
 39454 | Elf:1    | Entered Level 1 of the Elven Halls
 39684 | Elf:1    | Noticed Louise
 39742 | Elf:1    | Killed Louise
 40345 | Elf:1    | Found a runed translucent gate.
 40345 | Elf:1    | Found a runed translucent gate.
 40345 | Elf:1    | Found a runed translucent gate.
 40345 | Elf:1    | Found a runed translucent gate.
 40345 | Elf:1    | Found a runed translucent gate.
 40349 | Elf:1    | Found a runed translucent gate.
 40778 | Elf:2    | Identified a scroll of acquirement
 40785 | Elf:2    | Noticed an Ice Fiend
 40832 | Elf:2    | Found a magical portal.
 40853 | WizLab   | Entered Zonguldrok's Shrine
 40911 | WizLab   | Reached skill level 5 in Shields
 41448 | WizLab   | Reached XP level 19. HP: 77/177 MP: 17/26
 41661 | WizLab   | Noticed an antique lich
 41674 | WizLab   | Killed an antique lich
 41777 | WizLab   | Found the +9 sword of Zonguldrok {reap}
 41845 | Elf:2    | Acquired 1040 gold pieces
 42188 | Elf:2    | Paralysed by an air elemental for 1 turns
 42328 | Elf:2    | Found a runed translucent gate.
 42328 | Elf:2    | Found a runed translucent gate.
 42328 | Elf:2    | Found a runed translucent gate.
 42524 | Elf:3    | Entered Level 3 of the Elven Halls
 42765 | Elf:3    | Identified the +1 cloak of Doism {Harm Stlth+}
 42977 | Orc:1    | Killed eliilek's ghost
 42982 | Orc:1    | Identified the ring "Luas" {Fire Str+2 Int+3 Stlth+}
 43186 | Orc:2    | Bought a scroll of teleportation for 57 gold pieces
 43190 | Orc:2    | Bought a shiny plate armour for 676 gold pieces
 44640 | Elf:3    | Identified the +6 war axe "Xaomule" {vamp, SInv}
 44714 | Elf:3    | Identified the +11 hand axe of the Nexus {freeze, rCorr}
 44724 | Elf:3    | Identified the staff of earth "Lufoegiv" {rF+ Str+3 Int+3}
 44730 | Abyss:3  | Cast into level 3 of the Abyss (a deep elf sorcerer)
 45228 | Abyss:3  | Found a corrupted altar of Lugonu.
 45271 | Elf:3    | Escaped the Abyss
 46139 | Elf:3    | Got the Papyrus of Spores
 46167 | Elf:3    | Got the Discourse on the Liminal Snowflakes
 46173 | Elf:3    | Identified the staff of conjuration "Puoraxe" {rPois Str+2
                  | Dex+2}
 47149 | Orc:1    | Bought a potion of resistance for 110 gold pieces
 47965 | D:13     | Found a gate to the Vaults.
 48278 | D:14     | Found a transporter.
 48286 | D:14     | Noticed Nedac819's ghost (journeyman HOFi)
 48296 | D:14     | Found a transporter.
 48313 | D:14     | Killed Nedac819's ghost
 48324 | D:14     | Reached XP level 20. HP: 98/191 MP: 7/29
 48344 | D:14     | Identified the +4 pair of gloves of the Healing Gods
                  | {rPois}
 48448 | D:12     | Bought a scroll of enchant armour for 210 gold pieces
 48448 | D:12     | Bought a runed scarf for 224 gold pieces
 48628 | D:14     | Noticed Snorg
 48637 | D:14     | Killed Snorg
 48736 | D:14     | Noticed Josephine
 48744 | D:14     | Killed Josephine
 49088 | D:15     | Entered Level 15 of the Dungeon
 49294 | D:15     | Found a staircase to the Depths.
 49872 | Depths:1 | Entered Level 1 of the Depths
 49902 | Depths:1 | Reached skill level 10 in Shields
 50199 | Depths:2 | Noticed Saint Roka
 50233 | Depths:2 | Killed Saint Roka
 50549 | Depths:2 | Noticed a golden dragon
 50567 | Depths:2 | Killed a golden dragon
 51110 | Depths:1 | Found a gateway to Hell.
 51248 | Depths:1 | Found a shadowy altar of Dithmenos.
 51540 | Depths:1 | Found a one-way gate leading to the halls of Pandemonium.
 52462 | Depths:2 | Noticed the Enchantress
 52800 | Depths:2 | Killed the Enchantress
 52994 | Depths:2 | Noticed Nikola
 52994 | Depths:2 | Noticed Vv
 53187 | Vaults:1 | Entered Level 1 of the Vaults
 53335 | Vaults:1 | Paralysed by a great orb of eyes for 4 turns
 53868 | Vaults:1 | Reached XP level 21. HP: 193/201 MP: 30/30
 54280 | Vaults:1 | Got Easy Spellcraft
 55169 | Vaults:2 | Reached skill level 10 in Throwing
 55217 | Vaults:2 | Paralysed by a great orb of eyes for 5 turns
 55457 | Vaults:2 | Found the +18 shield of the Gong {Loud rN+ Will+ rCorr
                  | EV-5}
 55540 | Vaults:2 | Identified the +6 flail of Exhibitionism {heavy, Dex+3}
 55591 | Vaults:2 | Noticed Margery
 55603 | Vaults:2 | Killed Margery
 56088 | Vaults:2 | Reached skill level 15 in Shields
 56206 | Vaults:2 | Learned a level 1 spell: Apportation
 56209 | Vaults:2 | Learned a level 2 spell: Blink
 56892 | Vaults:3 | Found a crumbling gateway.
 56906 | Desolati | Entered the Desolation of Salt
 57165 | Desolati | Identified the +1 arbalest of the Gazing King {freeze,
                  | Will- Dex+6}
 57475 | Desolati | Got the Verses on Nightshade and Cryomancy
 57540 | Desolati | Reached XP level 22. HP: 205/213 MP: 31/31
 57612 | Desolati | Got Oguoce's Elucidation of Hail
 57619 | Desolati | Identified the amulet "Tuotocly" {Spirit rC+}
 57764 | Desolati | Identified the amulet of Megalomania {Spirit -Cast rN++}
 57780 | Desolati | Identified the +2 ice dragon scales of True Grit {-Cast rF-
                  | rC++ rN+++ Will- Slay+3}
 57785 | Desolati | Identified the ring of Tuprinen {rPois rCorr Int-4 Dex+3}
 58447 | Vaults:3 | Identified the ring "Birgh" {rElec rPois}
 59042 | Vaults:3 | Found a staircase to the Crypt.
 59072 | Crypt:1  | Entered Level 1 of the Crypt
 59661 | Crypt:1  | Identified the +8 flail "Ciniuw Magi" {spect, Dex+3}
 59952 | Crypt:1  | Reached skill level 1 in Translocations
 60315 | Crypt:2  | Found a transporter.
 60320 | Crypt:2  | Identified the +7 shortbow of Insomnia {heavy, Str+6 SInv
                  | Stlth+}
 60382 | Crypt:2  | Noticed Bai Suzhen
 60405 | Crypt:2  | Killed Bai Suzhen
 60725 | Crypt:2  | Found a transporter.
 60749 | Crypt:2  | Reached skill level 15 in Invocations
 61243 | Crypt:3  | Entered Level 3 of the Crypt
 61253 | Crypt:3  | Noticed an ancient lich
 61276 | Crypt:3  | Killed an ancient lich
 61350 | Crypt:3  | Reached skill level 1 in Spellcasting
 61963 | Crypt:3  | Identified the +7 battleaxe "Leviticus" {freeze, rN+}
 62647 | Vaults:3 | Reached XP level 23. HP: 223/223 MP: 33/33
 63548 | Vaults:4 | Identified the ring of Veifrenk {AC+4 Str+6}
 63993 | Vaults:4 | Identified the +11 great sword "Ziadeh" {flame, rF+ rCorr
                  | MP+9 SInv}
 64459 | Depths:1 | Killed Vv
 64519 | Depths:2 | Killed Nikola
 64934 | Depths:2 | Reached skill level 5 in Translocations
 65676 | Depths:3 | Found a one-way gateway to a ziggurat.
 65696 | Zig:1    | Entered Level 1 of a ziggurat
 65719 | Zig:2    | Entered Level 2 of a ziggurat
 65738 | Zig:2    | Identified the +5 quick blade of Tomorrow {antimagic, rN+}
 65741 | Zig:3    | Entered Level 3 of a ziggurat
 65757 | Zig:3    | Identified the +8 war axe "Kitix" {freeze, rPois rC++ rCorr
                  | Stlth+}
 65770 | Zig:4    | Entered Level 4 of a ziggurat
 65795 | Zig:4    | Identified the +1 dire flail of Contradiction {protect, rF+
                  | rCorr SInv Stlth-}
 65804 | Zig:5    | Entered Level 5 of a ziggurat
 65820 | Zig:5    | Paralysed by accursed screaming for 2 turns
 65852 | Zig:5    | Identified the +2 lajatang of Gorphate {freeze, *Corrode
                  | +Blink rElec Int+3}
 65872 | Zig:5    | Acquired an amulet of the acrobat
 65873 | Zig:5    | Acquired a manual of Dodging
 66080 | Zig:6    | Entered Level 6 of a ziggurat
 66128 | Zig:6    | Identified the +0 dagger of the Doomed Warrior {heavy,
                  | rCorr Int+4}
 66143 | Zig:7    | Entered Level 7 of a ziggurat
 66489 | Depths:3 | Found a one-way gate to the infinite horrors of the Abyss.
 67029 | Depths:3 | Found Fuich's Jewellery Emporium.
 67030 | Depths:3 | Found Xefaopel's Book Boutique.
 67031 | Depths:3 | Found Ketuxtua's Jewellery Emporium.
 67043 | Depths:3 | Bought the ring "Niesonnok" {Fly rN+ Int+3 SInv} for 666
                  | gold pieces
 67135 | Depths:4 | Entered Level 4 of the Depths
 67547 | Depths:4 | Noticed a juggernaut
 67562 | Depths:3 | Killed a juggernaut
 67634 | Depths:4 | Reached skill level 15 in Dodging
 67760 | Depths:4 | Reached XP level 24. HP: 236/236 MP: 33/33
 68094 | Depths:4 | Found a gate to the Realm of Zot.
 68291 | Depths:4 | Found Omifihith's Armour Boutique.
 68970 | Vaults:5 | Entered Level 5 of the Vaults
 69248 | Vaults:5 | Noticed an ancient lich
 69789 | Vaults:4 | Killed an ancient lich
 70032 | Vaults:5 | Identified the +12 war axe "Diloasy" {protect, rN+}
 70326 | Vaults:5 | Noticed an ancient lich
 70336 | Vaults:5 | Noticed Jory
 70341 | Vaults:5 | Killed an ancient lich
 70353 | Vaults:5 | Killed Jory
 70654 | Vaults:5 | Identified the staff of poison "Uloweac" {rPois SInv}
 70666 | Vaults:5 | Noticed a dread lich
 70676 | Vaults:5 | Killed a dread lich
 70853 | Vaults:5 | Identified the +11 shortbow of Bikenoeh {elec, rF+ Str+2}
 70869 | Vaults:5 | Identified the +0 leather armour "Fysiul" {Dex+5 Stlth+}
 70883 | Vaults:5 | Reached XP level 25. HP: 249/249 MP: 33/33
 70950 | Vaults:5 | Identified the +4 scimitar of Gallantry {flame, Str+3}
 71034 | Vaults:5 | Noticed an ancient lich
 71050 | Vaults:5 | Killed an ancient lich
 71368 | Vaults:5 | Got a silver rune of Zot
 71380 | Vaults:5 | Identified the staff of poison "Koenisid" {rPois Int+3}
 71395 | Vaults:5 | Got Kecry's Vellum of the Mob
 71478 | Vaults:5 | Found Lecvium's Magic Scroll Shop.
 71482 | Vaults:5 | Bought a scroll of acquirement for 520 gold pieces
 71482 | Vaults:5 | Bought a scroll of enchant armour for 75 gold pieces
 71482 | Vaults:5 | Bought a scroll of enchant armour for 75 gold pieces
 71488 | Vaults:5 | Acquired 885 gold pieces
 71499 | Vaults:5 | Found Piloch's Distillery.
 71503 | Vaults:5 | Bought a potion of resistance for 140 gold pieces
 71503 | Vaults:5 | Bought 2 potions of heal wounds for 140 gold pieces
 71513 | Vaults:5 | Found Tuenymyo's Magic Scroll Shop.
 71517 | Vaults:5 | Bought a scroll of teleportation for 60 gold pieces
 71517 | Vaults:5 | Bought a scroll of fog for 80 gold pieces
 71517 | Vaults:5 | Bought a scroll of enchant armour for 150 gold pieces
 71521 | Vaults:5 | Found Coucobum's Distillery.
 71525 | Vaults:5 | Bought 2 potions of heal wounds for 120 gold pieces
 71525 | Vaults:5 | Bought a potion of might for 48 gold pieces
 71525 | Vaults:5 | Bought a potion of heal wounds for 60 gold pieces
 71532 | Vaults:5 | Found Caruaso's Distillery.
 71532 | Vaults:5 | Found Jaggobia's Distillery.
 71537 | Vaults:5 | Bought a potion of heal wounds for 115 gold pieces
 71537 | Vaults:5 | Bought a potion of heal wounds for 115 gold pieces
 71552 | Vaults:5 | Found Foug's Distillery.
 71558 | Vaults:5 | Bought a potion of heal wounds for 105 gold pieces
 71558 | Vaults:5 | Bought a potion of heal wounds for 105 gold pieces
 71558 | Vaults:5 | Bought a potion of berserk rage for 105 gold pieces
 71558 | Vaults:5 | Bought a potion of curing for 63 gold pieces
 71584 | Vaults:5 | Bought a potion of magic for 112 gold pieces
 71584 | Vaults:5 | Bought a potion of cancellation for 112 gold pieces
 71584 | Vaults:5 | Bought a potion of curing for 42 gold pieces
 71591 | Vaults:5 | Bought a scroll of teleportation for 30 gold pieces
 71614 | Vaults:5 | Bought a potion of might for 48 gold pieces
 71614 | Vaults:5 | Bought a potion of resistance for 120 gold pieces
 71627 | Vaults:5 | Bought a potion of curing for 69 gold pieces
 71627 | Vaults:5 | Bought a potion of invisibility for 184 gold pieces
 71627 | Vaults:5 | Bought a potion of curing for 69 gold pieces
 71627 | Vaults:5 | Bought a potion of cancellation for 184 gold pieces
 71627 | Vaults:5 | Bought a potion of cancellation for 184 gold pieces
 71655 | Vaults:5 | Bought 2 potions of mutation for 224 gold pieces
 71688 | Vaults:5 | Bought a potion of berserk rage for 105 gold pieces
 71688 | Vaults:5 | Bought a potion of magic for 168 gold pieces
 71688 | Vaults:5 | Bought a potion of mutation for 168 gold pieces
 71688 | Vaults:5 | Bought a potion of mutation for 168 gold pieces
 71705 | Vaults:5 | Got Sif Muna's Elucidation of the Altered Deep Freeze
 71846 | Vaults:5 | Identified the +2 halberd "Dragon's Undoing" {pain, rN+
                  | Will+ rCorr}
 72374 | Zot:1    | Entered Level 1 of the Realm of Zot
 72437 | Zot:2    | Acquired a manual of Translocations
 74090 | Zot:3    | Reached skill level 5 in Evocations
 74786 | Zot:4    | Noticed Beclu's ghost (legendary GnSk)
 74803 | Zot:5    | Entered Level 5 of the Realm of Zot
 75034 | Zot:5    | Noticed a Killer Klown
 75053 | Zot:5    | Killed a Killer Klown
 75189 | Zot:5    | Noticed a Killer Klown
 75234 | Zot:5    | Killed a Killer Klown
 75476 | Zot:5    | Noticed an orb of fire
 75478 | Zot:5    | Gained mutation: You are frail. (-10% HP) [an orb of fire]
 75478 | Zot:5    | Noticed an orb of fire
 75478 | Zot:5    | Gained mutation: You occasionally lose the ability to drink
                  | potions when taking damage. [an orb of fire]
 75490 | Zot:5    | Noticed an ancient lich
 75493 | Zot:5    | Killed an orb of fire
 75494 | Zot:5    | Gained mutation: Armour fits poorly on your strangely
                  | shaped body. [an orb of fire]
 75505 | Zot:5    | Killed an orb of fire
 75507 | Zot:5    | Killed an ancient lich
 75842 | Zot:5    | Lost mutation: You occasionally lose the ability to drink
                  | potions when taking damage. [potion of mutation]
 75842 | Zot:5    | Lost mutation: Armour fits poorly on your strangely shaped
                  | body. [potion of mutation]
 75842 | Zot:5    | Gained mutation: You are very frail. (-20% HP) [potion of
                  | mutation]
 75842 | Zot:5    | Gained mutation: You are clumsy. (Dex -2) [potion of
                  | mutation]
 75842 | Zot:5    | Gained mutation: You possess an exceptional clarity of
                  | mind. [potion of mutation]
 75843 | Zot:5    | Lost mutation: You possess an exceptional clarity of mind.
                  | [potion of mutation]
 75843 | Zot:5    | Lost mutation: You are clumsy. (Dex -2) [potion of
                  | mutation]
 75843 | Zot:5    | Gained mutation: You occasionally lose the ability to drink
                  | potions when taking damage. [potion of mutation]
 75843 | Zot:5    | Gained mutation: You have sharp toenails. [potion of
                  | mutation]
 75844 | Zot:5    | Lost mutation: You occasionally lose the ability to drink
                  | potions when taking damage. [potion of mutation]
 75844 | Zot:5    | Lost mutation: You are very frail. (-20% HP) [potion of
                  | mutation]
 75844 | Zot:5    | Lost mutation: You are frail. (-10% HP) [potion of
                  | mutation]
 75844 | Zot:5    | Gained mutation: You are partially covered in iridescent
                  | scales. (AC +2) [potion of mutation]
 75844 | Zot:5    | Gained mutation: You sometimes lose your temper in combat.
                  | [potion of mutation]
 75845 | Zot:5    | Lost mutation: You are partially covered in iridescent
                  | scales. (AC +2) [potion of mutation]
 75845 | Zot:5    | Lost mutation: You have sharp toenails. [potion of
                  | mutation]
 75845 | Zot:5    | Lost mutation: You sometimes lose your temper in combat.
                  | [potion of mutation]
 75845 | Zot:5    | Gained mutation: Armour fits poorly on your strangely
                  | shaped body. [potion of mutation]
 75845 | Zot:5    | Gained mutation: Your system is resistant to poisons.
                  | (rPois) [potion of mutation]
 75845 | Zot:5    | Gained mutation: You passively dampen the noise of your
                  | surroundings. [potion of mutation]
 75846 | Zot:5    | Lost mutation: Armour fits poorly on your strangely shaped
                  | body. [potion of mutation]
 75846 | Zot:5    | Lost mutation: Your system is resistant to poisons. (rPois)
                  | [potion of mutation]
 75846 | Zot:5    | Lost mutation: You passively dampen the noise of your
                  | surroundings. [potion of mutation]
 75846 | Zot:5    | Gained mutation: You are frail. (-10% HP) [potion of
                  | mutation]
 75846 | Zot:5    | Gained mutation: Your spells are a little easier to cast,
                  | but a little less powerful. [potion of mutation]
 75846 | Zot:5    | Gained mutation: You are agile. (Dex +4, Str/Int -1)
                  | [potion of mutation]
 75917 | Zot:5    | Noticed a Killer Klown
 75934 | Zot:5    | Killed a Killer Klown
 75987 | Zot:5    | Noticed an ancient lich
 76005 | Zot:5    | Killed an ancient lich
 76006 | Zot:5    | Reached XP level 26. HP: 232/234 MP: 33/33
 76018 | Zot:5    | Noticed an orb of fire
 76029 | Zot:5    | Lost mutation: You are agile. (Dex +4, Str/Int -1) [an orb
                  | of fire]
 76037 | Zot:5    | Gained mutation: You are vulnerable to cold. (rC-) [an orb
                  | of fire]
 76039 | Zot:5    | Gained mutation: Your body sometimes deteriorates upon
                  | taking damage. [an orb of fire]
 76051 | Zot:5    | Killed an orb of fire
 76052 | Zot:5    | Lost mutation: Your body sometimes deteriorates upon taking
                  | damage. [potion of mutation]
 76052 | Zot:5    | Lost mutation: You are frail. (-10% HP) [potion of
                  | mutation]
 76052 | Zot:5    | Gained mutation: You are agile. (Dex +4, Str/Int -1)
                  | [potion of mutation]
 76052 | Zot:5    | Gained mutation: You are dopey. (Int -2) [potion of
                  | mutation]
 76052 | Zot:5    | Gained mutation: You have an increased reservoir of magic.
                  | (+10% MP) [potion of mutation]
 76052 | Zot:5    | Gained mutation: You have a pair of large horns on your
                  | head. [potion of mutation]
 76062 | Zot:5    | Noticed an ancient lich
 76081 | Zot:5    | Killed an ancient lich
 76101 | Zot:5    | Reached skill level 27 in Armour
 76102 | Zot:5    | Reached skill level 10 in Translocations
 76116 | Zot:5    | Noticed a dread lich
 76121 | Zot:5    | Killed a dread lich
 76540 | Zot:4    | Found a transporter.
 76543 | Zot:4    | Found a transporter.
 76654 | Zot:5    | Noticed an ancient lich
 76666 | Zot:5    | Killed an ancient lich
 77302 | Zot:5    | Got the Orb of Zot
 77306 | Zot:5    | Noticed Yleysuor the pandemonium lord
 77366 | Zot:4    | Noticed a seraph
 77570 | D:15     | Reached skill level 27 in Fighting
 77666 | D:11     | Noticed Olomileje the pandemonium lord
 77747 | D:5      | Found a staircase to the Ecumenical Temple.
 77888 | D:$      | Escaped with the Orb!

Illustrated notes

Levels and vault maps discovered:
D:1:      dpeg_arrival_lava_altar, layout_basic, serial_curves, eino_curves_04,
          eino_curves_03
D:2:      layout_loops_ring
D:3:      layout_loops_ring, uniq_grinder
D:4:      cheibrodos_greedy_goblins, layout_loops_ring, nicolae_overflow_squiral
D:5:      old_forge, layout_rooms, minmay_temple_entry_from_below_b,
          serial_shops, nicolae_shop_rolled_up, hex_medium
D:6:      wad_pebble_path, layout_loops_ring, hellmonk_ghost_happy_afterlife,
          uniq_sigmund, uniq_blork_the_orc
D:7:      layout_loops_ring
D:8:      layout_rooms, mainiacjoe_overflow_concentric_impassable,
          nicolae_ru_the_path_less_chosen, gammafunk_ghost_split,
          hangedman_abyss_or_decor_stabs, centaur_isle
D:9:      layout_basic, kennysheep_little_box, nicolae_elyvilon_peaceful_grove,
          david_lair_shrubbed, minmay_fractal_squares_gapless_5
D:10:     layout_roguey, grunt_temple_overflow_order_and_chaos_1,
          lemuel_mausoleum_altar_yredelemnul, mainiacjoe_overflow_tiny_flanked,
          gammafunk_ghost_icy, uniq_erica
D:11:     dreamdust_dug_too_deep, layout_stronghold, hangedman_stone_soup,
          st_stairs_10
D:12:     cheibrodos_helix_gallery, layout_cave_pools, gauntlet_entry_generic,
          nicolae_stop_n_shop_2, minmay_misc_feat_enclosed
D:13:     layout_small_grid, hangedman_vaults_entry_quadrant_bands
D:14:     layout_basic, gammafunk_ghost_smash, uniq_snorg, uniq_josephine
D:15:     grunt_enter_depths_snipers, layout_basic
Lair:1:   layout_regular_city, wad_woods_road_03, uniq_fannar
Lair:2:   layout_chaotic_city
Lair:3:   layout_chaotic_city, shoals_dummy_entry,
          nicolae_spider_entry_tight_spaces, grunt_megastairs_2
Lair:4:   layout_roguey, nicolae_slime_entry_slimehenge,
          infiniplex_staircase_pool
Lair:5:   gammafunk_lair_ancient_temple, layout_layer_cave
Shoals:1: layout_shoals, nicolae_shoals_lost_giant_temple
Shoals:2: cheibrodos_shoals_satyrical_garden, layout_shoals,
          ebering_ghost_inner_flame, uniq_ilsuiw
Shoals:3: layout_shoals, nicolae_shoals_land_atoll, uniq_polyphemus
Shoals:4: shoals_end_simple, layout_shoals
Spider:1: layout_spider_delve
Spider:2: nicolae_spider_hilbert_zone_5 [nicolae_spider_hilbert_3_sides_1_open,
          nicolae_spider_hilbert_4_sides_1_open,
          nicolae_spider_hilbert_4_sides_1_open,
          nicolae_spider_hilbert_6_sides_1_open,
          nicolae_spider_hilbert_6_sides_1_open]
Spider:3: layout_spider_delve, uniq_aizul, uniq_asterion
Spider:4: spider_rune_water, drop_trap
Orc:1:    gammafunk_beogh_shrine, layout_caves, serial_shops, shop, shop, shop,
          gammafunk_ghost_necromancy
Orc:2:    st_orc_mages, layout_caves, gammafunk_ghost_arena
Elf:1:    layout_geoelf_octagon, orc_legates, drop_trap, st_stairs_3,
          nicolae_elf_deep_mausoleum, uniq_louise
Elf:2:    elven_hall_of_blades_hangedman_original
          [nicolae_blade_entry_pointy_end], layout_geoelf_diagonals,
          mu_enter_wizlab_1
Elf:3:    elf_hall, layout_onion_city
Vaults:1: v_pattern_5, v_rooms_1, v_misc_10, nicolae_vaults_enemy_cabinets,
          nicolae_vaults_sesquioval_fish, vaults_standard_mumra_x,
          layout_vaults_quadrants
Vaults:2: nicolae_vaults_variable_pillar_hall_cross,
          nicolae_vaults_sesquioval_fish, nicolae_vaults_little_squares_5,
          vaults_room_ringed_pool, nicolae_vaults_sealed_display,
          nicolae_vaults_trapezoid_lopsided_2, nicolae_vaults_hexular_roomagon,
          nicolae_vaults_tetromino_Z_2, hellmonk_guarded_unrand_gong,
          ontoclasm_vaults_pinch, nicolae_vaults_little_squares_3,
          hangedman_vaults_stretched_pinwheel, hangedman_vaults_trim,
          hangedman_vaults_stretched_pinwheel,
          nicolae_vaults_storage_room_statues, layout_vaults_ring, uniq_margery
Vaults:3: portal_desolation_entry_twin_temple, nicolae_vaults_lightning_bolt,
          st_greater_box_3, nicolae_vaults_network_s, v_misc_24,
          nicolae_vaults_layer_cake_slice, nicolae_vaults_alarming,
          minmay_crypt_entry_vampire_xt, nicolae_vaults_cochlea,
          nicolae_vaults_double_plus_1, nicolae_vaults_heart-shaped_vault,
          layout_vaults_big_cross
Vaults:4: v_misc_15, nicolae_vaults_steering_wheel,
          nicolae_vaults_yaktaur_gun_rack, nicolae_vaults_little_ls,
          nicolae_vaults_frosty_reception, nicolae_vaults_closet_pinwheel_3,
          nicolae_vaults_mini_display_case, vaults_room_pool,
          ontoclasm_vaults_idyll, nicolae_vaults_stepped_doors,
          nicolae_vaults_prndl, vaults_dpeg_spiral,
          ontoclasm_vaults_ring_square, layout_vaults_big_room
Vaults:5: serial_shops, uniq_jory
Crypt:1:  layout_misc_corridors, grunt_megastairs_3, grunt_crypt_arrival_split
Crypt:2:  gammafunk_sealed_arena, layout_basic, uniq_bai_suzhen
Crypt:3:  lightli_unholy_cathedral, layout_chaotic_city,
          nicolae_tomb_entry_unfolded_pyramid_diagonal, hellmonk_scarab_ruin
Depths:1: layout_gridlike, nicolae_dithmenos_through_a_glass_darkly, pan_entry,
          hangedman_coc_ice_floe, nicolae_concentric_dashed_squares_wild,
          kilobyte_rumbling_trees
Depths:2: minmay_quantized_circle, layout_gridville, grunt_metal_band,
          rand_demon_pan_entry_8, uniq_saint_roka, uniq_enchantress, uniq_vv,
          uniq_nikola
Depths:3: nicolae_cairo_tiling_large_dashed, layout_honeycomb, enter_ziggurat_a,
          grunt_decor_cap, abyss_entry, hell_entry, kennysheep_generic_room_2,
          minmay_shop_grove
Depths:4: grunt_zot_entry_tricorne, layout_gridville, minmay_room_of_horrors,
          chequers_serial_rivers_micro_e, serial_shops, shop, hell_entry
Zot:1:    circus_mu, layout_gridville, uniq_josephina
Zot:2:    layout_onion_interference
Zot:3:    layout_onion_interference
Zot:4:    layout_gridlike, gammafunk_ghost_arena,
          nicolae_transporter_intersection
Zot:5:    layout_twisted_circle

Skill      XL: |  1  2  3  4  5  6  7  8  9 10 11 12 13 14 15 16 17 18 19 20 21 22 23 24 25 26 |
---------------+-------------------------------------------------------------------------------+-----
Axes           | 4 5 8 9 10 11 13 14 16 17 19 20 21 22 23 | 23.3
Armour         | 2 3 5 7 9 10 12 13 14 15 16 17 19 20 21 23 24 25 26 27 | 27.0
Fighting       | 3 4 6 7 8 9 11 13 14 15 17 19 20 21 22 23 25 26 27 | 27.0
Ranged Weapons | 1 |  1.7
Invocations    | 2 5 7 9 11 13 14 15 | 15.0
Dodging        | 6 8 9 11 12 13 14 15 19 20 | 20.0
Throwing       | 4 5 6 8 9 10 11 | 11.0
Evocations     | 3 6 9 |  9.2
Shields        | 5 8 13 15 16 | 16.5
Translocations | 3 6 9 11 | 11.7
Spellcasting   | 1 4 |  4.4

Action                     |  1- 3 |  4- 6 |  7- 9 | 10-12 | 13-15 | 16-18 | 19-21 | 22-24 | 25-27 || total
---------------------------+-------+-------+-------+-------+-------+-------+-------+-------+-------++-------
  Melee: War axe           |    67 |    40 |       |       |       |       |     4 |     2 |       ||   113
         Headbutt          |     9 |    13 |    38 |    95 |   240 |   349 |   425 |   497 |   251 ||  1917
         Broad axe         |       |    59 |   220 |   478 |   867 |  1264 |  1464 |  1468 |   792 ||  6612
         Punch             |       |     1 |       |     4 |    19 |    18 |       |       |       ||    42
         Hand axe          |       |       |       |       |    38 |       |     7 |       |       ||    45
  Throw: Throwing net      |       |     4 |       |     4 |       |     8 |       |     8 |     5 ||    29
         Javelin           |       |       |     3 |     5 |       |    14 |    73 |    51 |    28 ||   174
         Dart              |       |       |     1 |    10 |    28 |   138 |       |       |       ||   177
         Boomerang         |       |       |       |     7 |     9 |    31 |       |       |       ||    47
   Cast: Apportation       |       |       |       |       |       |       |       |       |     2 ||     2
         Blink             |       |       |       |       |       |       |       |       |     2 ||     2
 Invoke: Wall of Briars    |       |       |       |     1 |     1 |     1 |       |       |     2 ||     5
         Grow Oklob        |       |       |       |     2 |     2 |    13 |    16 |     8 |     4 ||    45
         Grow Ballistomyce |       |       |       |       |       |     1 |       |       |       ||     1
  Evoke: Wand              |       |       |       |     4 |     2 |    14 |    12 |     6 |    15 ||    53
         Lightning rod     |       |       |       |       |       |    16 |     8 |     1 |       ||    25
    Use: Scroll            |       |     7 |       |     5 |     8 |    19 |    24 |    12 |    31 ||   106
         Potion            |       |       |       |       |    11 |    14 |    13 |     2 |    22 ||    62
   Stab: Held in net/web   |       |     1 |     1 |     3 |       |       |       |     5 |     1 ||    11
         Distracted        |       |       |       |     1 |       |     5 |    10 |     8 |     3 ||    27
         Petrified         |       |       |       |       |     7 |     5 |     2 |       |       ||    14
         Invisible         |       |       |       |       |       |       |     1 |       |       ||     1
 Armour: Ring mail         |    25 |    10 |       |       |       |       |       |       |       ||    35
         Chain mail        |       |    26 |   153 |   218 |   340 |       |       |       |       ||   737
         Acid dragon scale |       |       |       |    64 |       |       |       |       |       ||    64
         Plate armour      |       |       |       |    39 |   185 |   824 |    95 |       |       ||  1143
         Skin              |       |       |       |       |    55 |       |       |       |       ||    55
         Storm dragon scal |       |       |       |       |       |       |   270 |   407 |    37 ||   714
         Gold dragon scale |       |       |       |       |       |       |       |       |   294 ||   294
  Dodge: Dodged            |    32 |    58 |   121 |   303 |   391 |   817 |   563 |   284 |   159 ||  2728
  Block: Other             |       |       |       |    11 |   172 |   212 |       |       |       ||   395
         Reflection        |       |       |       |     2 |     1 |    14 |    56 |    64 |    32 ||   169
         Orb               |       |       |       |       |       |     8 |     2 |       |       ||    10
         Kite shield       |       |       |       |       |       |       |  1045 |  1878 |   964 ||  3887
